AoeStats
← EdadCoñal

Arabia

508074689Analyzed
2v2 RM · 12d ago on Sep 20, 2026· 57m 50s· 4 players
Game mode
Random Map
Map size
Medium (4 player)
Population
200
Speed
Normal
Resources
Standard
Victory
Conquest
Starting age
Dark Age
Ending age
Imperial Age
RankedLock teamsTeams togetherTeam positionsShared explorationLock speedFull tech treeHidden civsTurbo modeCheats
Victory
Defeat
🇷🇺 Slavs · Russia
833
+13
🇷🇺 Bengalis · Russia
833
+13
🇪🇸 Mongols · Spain
797
-13
🇪🇸 Bulgarians · Spain
758
-13
k3n7 R8hero
10:08 Loom
12:46 Feudal Age
17:18 Man-at-Arms
23:54 Castle Age
22:30 Stone Mining
22:31 Gold Mining
22:37 Double-Bit Axe
23:45 Town Watch
24:42 Elite Skirmisher
26:05 Gold Shaft Mining
25:15 Horse Collar
25:46 Bow Saw
25:36 Long Swordsman
26:02 Gambesons
29:28 Padded Archer Armor
31:23 Scale Barding Armor
31:12 Fletching
32:44 Chain Barding Armor
32:07 Pikeman
34:10 Leather Archer Armor
33:53 Bodkin Arrow
39:28 Caravan
44:27 Imperial Age
44:07 Wheelbarrow
44:04 Paiks
44:59 Scale Mail Armor
45:10 Forging
44:52 Siege Elephant
44:58 Siege Elephant
45:06 Elite Ratha (Ranged)
46:56 Mahayana
47:51 Elite Battle Elephant
49:55 Chain Mail Armor
50:15 Iron Casting
50:22 Two-Handed Swordsman
50:22 Halberdier
51:55 Plate Barding Armor
51:50 Ring Archer Armor
54:51 Champion
55:22 Arson
Oopsis
6:51 Loom
9:23 Feudal Age
10:08 Horse Collar
17:59 Bloodlines
18:55 Scale Barding Armor
19:01 Forging
25:50 Castle Age
23:29 Man-at-Arms
25:23 Scale Mail Armor
25:59 Double-Bit Axe
26:45 Light Cavalry
27:25 Husbandry
28:18 Chain Barding Armor
28:36 Iron Casting
29:35 Wheelbarrow
28:45 Town Watch
30:00 Caravan
30:59 Town Patrol
31:04 Heavy Plow
31:16 Bow Saw
32:39 Hand Cart
32:20 Gold Mining
32:22 Stone Mining
34:38 Pikeman
34:41 Long Swordsman
35:21 Squires
37:29 Gold Shaft Mining
40:56 Imperial Age
38:15 Elite Skirmisher
40:06 Ballistics
39:44 Murder Holes
39:54 Fletching
40:04 Padded Archer Armor
41:20 Hussar
42:38 Plate Barding Armor
43:03 Blast Furnace
41:59 Bodkin Arrow
42:19 Leather Archer Armor
42:20 Chain Mail Armor
42:39 Conscription
42:21 Detinets
42:11 Heavy Scorpion
48:19 Hoardings
51:43 Plate Mail Armor
51:43 Ring Archer Armor
51:28 Masonry
51:29 Fortified Wall
La Polla Persa
13:22 Feudal Age
14:02 Horse Collar
14:11 Double-Bit Axe
14:20 Gold Mining
18:25 Loom
28:37 Castle Age
28:15 Stone Mining
30:57 Heavy Plow
31:13 Caravan
36:01 Wheelbarrow
35:36 Pikeman
36:21 Squires
38:53 Forging
38:50 Scale Barding Armor
40:12 Hand Cart
40:46 Gold Shaft Mining
40:29 Bow Saw
45:23 Imperial Age
43:19 Husbandry
43:30 Bloodlines
44:45 Iron Casting
44:31 Chain Barding Armor
45:25 Stirrups
45:48 Scale Mail Armor
46:21 Masonry
46:09 Murder Holes
46:38 Conscription
46:56 Elite Konnik
55:25 Blast Furnace
EdadCoñal
9:43 Loom
12:26 Feudal Age
14:24 Double-Bit Axe
20:08 Castle Age
17:54 Horse Collar
19:13 Stone Mining
19:17 Gold Mining
22:30 Wheelbarrow
21:41 Town Watch
29:01 Caravan
29:45 Ballistics
30:09 Bow Saw
31:16 Fletching
35:13 Bodkin Arrow
35:19 Padded Archer Armor
41:04 Imperial Age
39:34 Squires
38:55 Pikeman
41:47 Leather Archer Armor
42:21 Conscription
42:03 Nomads
45:44 Bracer
45:55 Forging
45:46 Scale Mail Armor
50:35 Heavy Camel Rider
51:17 Husbandry
52:31 Bloodlines
53:01 Iron Casting
53:11 Scale Barding Armor
Connection lost

Rejoining the realm…

Still unreachable

The connection could not be restored.

Session expired

The server has moved on; the page needs a fresh start.